 Dungeon Crawl Stone Soup version 0.23-a0-696-gf95311e5ea (webtiles) character file.

1775 LLavrengius the Covert (level 9, -4/59 HPs)
             Began as an Octopode Fighter on Jan 12, 2019.
             Was an Initiate of Gozag.
             Slain by a centaur (7 damage)
             ... on level 7 of the Dungeon.
             The game lasted 00:24:25 (6749 turns).

LLavrengius the Covert (Octopode Fighter)           Turns: 6749, Time: 00:24:25

Health: -4/59      AC:  1    Str: 16    XL:     9   Next: 8%
Magic:  0/12       EV: 11    Int: 12    God:    Gozag
Gold:   288        SH:  8    Dex: 12    Spells: 13/13 levels left

rFire    . . .     SeeInvis .   a - +0 rapier
rCold    + . .     Gourm    .   b - +0 shield
rNeg     . . .     Faith    .   (helmet restricted)
rPois    .         Spirit   +   o - amulet of guardian spirit
rElec    .         Reflect  .   m - ring of protection from cold
rCorr    .         Harm     .   G - ring of stealth
MR       .....                  (no ring)
Stlth    ++++++....             (no ring)
HPRegen  0.19/turn              (no ring)
MPRegen  0.13/turn              (no ring)
                                (no ring)
                                (no ring)

@: lethally poisoned (-4 -> -6), about to teleport, gold aura, flying
A: almost no armour, stealthy swim, amphibious, 8 rings, constrict 8, camouflage
1, gelatinous body 1
a: Potion Petition, Call Merchant, Bribe Branch, Renounce Religion


You were on level 7 of the Dungeon.
You worshipped Gozag.
Gozag was aware of your devotion.
You were full.

You visited 2 branches of the dungeon, and saw 8 of its levels.

You collected 703 gold pieces.
You paid 415 gold pieces to Gozag.

Inventory:

Hand Weapons
 a - a +0 rapier (weapon)
 t - a +0 blowgun
 z - a +1 falchion of holy wrath
Missiles
 f - 123 stones (quivered)
 u - 21 poisoned needles
Armour
 b - a +0 shield (worn)
Jewellery
 m - a ring of protection from cold (left tentacle)
 o - an amulet of guardian spirit (around mantle)
 w - an uncursed amulet of regeneration
 G - a ring of stealth (right tentacle)
Wands
 r - a wand of polymorph (5)
 x - a wand of iceblast (9)
 y - a wand of random effects (10)
Scrolls
 e - 3 scrolls of magic mapping
 g - 2 scrolls of remove curse
 i - a scroll of fear {unknown}
 j - a scroll of enchant armour {unknown}
 k - 3 scrolls of teleportation
 p - a scroll of immolation {unknown}
 s - 3 scrolls of random uselessness {unknown}
 B - a scroll of enchant weapon {unknown}
 C - a scroll of fog {unknown}
 E - a scroll of amnesia {unknown}
Potions
 c - 2 potions of might
 h - a potion of resistance
 n - 2 potions of mutation
 q - a potion of brilliance
 D - a potion of cancellation {unknown}
 F - a potion of degeneration {unknown}
 H - a potion of heal wounds {unknown}
 I - a potion of invisibility {unknown}
Comestibles
 d - 12 rations


   Skills:
 + Level 4.3 Fighting
 + Level 7.9 Short Blades
 - Level 3.0 Dodging
 - Level 10.0 Stealth
 - Level 3.0 Shields
 + Level 2.6 Spellcasting


You had 13 spell levels left.
You didn't know any spells.
Your spell library was empty.

Dungeon Overview and Level Annotations

Branches:
Dungeon (7/15)             Temple (1/1) D:5

Altars:
Ashenzari
Cheibriados
Dithmenos
Elyvilon
Fedhas
Gozag
Hepliaklqana
Kikubaaqudgha
Makhleb
Nemelex Xobeh
Okawaru
Qazlal
Ru
Sif Muna
Trog
Uskayaw
Vehumet
Xom
Yredelemnul
Zin
The Shining One

Annotations:
D:5 3 runed doors, TheNamelessOne's ghost, novice OpMo


Innate Abilities, Weirdness & Mutations

You cannot wear most types of armour.
You are very stealthy in the water. (Stealth+)
You are amphibious.
You can wear up to eight rings at the same time.
You can use your tentacles to constrict eight enemies at once.
Your skin changes colour to match your surroundings (Stealth+).
Your rubbery body absorbs attacks. (AC +1, EV +1)


Message History

You constrict the killer bee. The killer bee misses you.
The killer bee stings you!
* * * LOW HITPOINT WARNING * * *
Unknown command.
You puncture the killer bee!
You kill the killer bee!
The centaur shoots an arrow.
You block the arrow.
You hear a shout!
You feel sick.
The centaur unwields a +0 shortbow.
The centaur hits you but does no damage.
You see here 7 gold pieces.
As you read the scroll of teleportation, it crumbles to dust.
You feel strangely unstable. The centaur closely misses you.
The centaur hits you.
* * * LOW HITPOINT WARNING * * *
It was a potion of flight.
You feel very buoyant.
You fly up into the air.
The centaur hits you!
You die...
Your body crumbles into a pile of gold.

..# # #.# # #.
#.# #
#..##.####.# #
#..........# #
#.###>##.......
.. ### #o#
#.##### ##.
#...###(###.##
#.
#.y..(@c.......
###.
#..#######[###(
... # # .. #y
#$ #c #y #.
#..##.


You could see an orc warrior, a centaur and a killer bee (wandering).

Vanquished Creatures
  An orc warrior (D:6)
  2 ice beasts (D:5)
  3 ogres
  2 centaurs
  A bullfrog (D:6)
  A scorpion (D:4)
  3 killer bees (D:7)
  2 vampire bats (D:2)
  A centaur zombie (D:6)
  A hound (D:6)
  A jelly (D:5)
  4 bullfrog skeletons
  3 orc priests (D:5)
  Terence (D:2)
  3 iguanas
  3 orc wizards (D:5)
  3 worker ants
  Robin (D:2)
  9 adders
  An ooze (D:2)
  3 dart slugs
  A worm (D:3)
  4 leopard geckos
  14 orcs
  A ball python (D:2)
  4 bat skeletons (D:2)
  2 bat zombies (D:2)
  5 giant cockroaches
  8 goblins
  10 hobgoblins (D:2)
  5 jackals
  11 kobolds
  2 quokkas
  15 bats
  5 frilled lizards
  A quokka zombie (D:6)
  5 rats
142 creatures vanquished.

Notes
Turn   | Place    | Note
-------+----------+-------------------------------------------
     0 | D:1      | LLavrengius the Octopode Fighter began the quest for the
                  | Orb.
     0 | D:1      | Reached XP level 1. HP: 16/16 MP: 1/1
    74 | D:1      | Reached skill level 1 in Stealth
   241 | D:1      | Reached XP level 2. HP: 21/21 MP: 2/2
   443 | D:1      | Reached skill level 2 in Stealth
   962 | D:2      | Reached XP level 3. HP: 26/26 MP: 3/3
   980 | D:2      | Noticed Terence
   984 | D:2      | Killed Terence
   984 | D:2      | Reached skill level 3 in Stealth
  1118 | D:2      | Reached XP level 4. HP: 31/31 MP: 4/4
  1147 | D:2      | Found an ancient bone altar of Kikubaaqudgha.
  1162 | D:2      | Reached skill level 4 in Stealth
  1163 | D:2      | Reached XP level 5. HP: 21/36 MP: 5/5
  1469 | D:2      | Found a shimmering altar of Xom.
  1581 | D:2      | Reached skill level 5 in Stealth
  1600 | D:2      | Noticed Robin
  1640 | D:2      | Killed Robin
  1784 | D:2      | Found a shattered altar of Ashenzari.
  2146 | D:3      | Reached XP level 6. HP: 42/42 MP: 6/6
  2292 | D:3      | Found a shadowy altar of Dithmenos.
  2295 | D:3      | Found a glowing silver altar of Zin.
  2297 | D:3      | Found a radiant altar of Vehumet.
  2888 | D:4      | Reached skill level 6 in Stealth
  3050 | D:4      | Reached skill level 5 in Short Blades
  3204 | D:4      | Reached skill level 7 in Stealth
  3204 | D:4      | Reached XP level 7. HP: 24/46 MP: 3/7
  3532 | D:4      | Found a hide-covered altar of Uskayaw.
  3533 | D:4      | Found a stormy altar of Qazlal.
  3533 | D:4      | Found a white marble altar of Elyvilon.
  3887 | D:5      | Entered Level 5 of the Dungeon
  3932 | D:5      | Found a staircase to the Ecumenical Temple.
  3942 | Temple   | Entered the Ecumenical Temple
  4136 | Temple   | Became a worshipper of Gozag Ym Sagoz the Greedy
  4166 | D:5      | HP: 2/46 [orc priest/divine providence (9)]
  4482 | D:5      | Found a basalt altar of Yredelemnul.
  4518 | D:5      | Reached skill level 8 in Stealth
  4820 | D:5      | Reached XP level 8. HP: 49/52 MP: 8/8
  4865 | D:5      | Reached skill level 9 in Stealth
  4888 | D:5      | Found an iron altar of Okawaru.
  5097 | D:5      | Noticed a troll
  5195 | D:5      | Found a runed gate.
  5195 | D:5      | Found a runed gate.
  5195 | D:5      | Found a runed gate.
  5195 | D:5      | Noticed TheNamelessOne's ghost (novice OpMo)
  5836 | D:6      | Found a shadowy altar of Dithmenos.
  5868 | D:6      | Reached skill level 10 in Stealth
  5868 | D:6      | Reached skill level 1 in Spellcasting
  6600 | D:7      | Found a glowing golden altar of the Shining One.
  6701 | D:7      | Reached XP level 9. HP: 31/58 MP: 5/12
  6749 | D:7      | Slain by a centaur

Vault maps used:
D:1:      lightli_arrival_lavapool
D:2:      lemuel_round_altar, marbit_many_paths, kennysheep_vampire_church,
          uniq_robin, uniq_terence
D:3:      grunt_temple_overflow_open, minmay_ruptured
D:4:      chequers_temple_overflow_statue_of_worship, first_ration
D:5:      kennysheep_mini, overflow_temple_1_default, minmay_temple_entry_ruins,
          gammafunk_ghost_cemetery
D:6:      grunt_dithmenos_smoke
D:7:      tso_metal_star, grunt_livestock, fedhas_altar_1
Temple:   compressed_dpeg_triangle_lava_temple

Skill      XL: |  1  2  3  4  5  6  7  8 |
---------------+-------------------------+-----
Stealth        | 1 2 3 4 5 7 8 10 | 10.0
Short Blades   | 3 4 5 6 7 |  7.9
Spellcasting   | 2 |  2.6
Fighting       | 4 |  4.3
Dodging        | |  3.0
Shields        | |  3.0

Action                   |  1- 3 |  4- 6 |  7- 9 || total
-------------------------+-------+-------+-------++-------
Melee: Rapier            |    38 |   134 |   137 ||   309
       Constrict         |     8 |    35 |    25 ||    68
       Tentacles         |     8 |    21 |    28 ||    57
       Unarmed           |       |     4 |       ||     4
Invok: Potion Petition   |       |       |     2 ||     2
  Use: Scroll            |       |       |    10 ||    10
       Potion            |       |       |     5 ||     5
 Stab: Sleeping          |    10 |    19 |    13 ||    42
       Distracted        |       |     1 |     1 ||     2
  Eat: Chunk             |     1 |     6 |     2 ||     9
       Ration            |       |       |     4 ||     4
Armor: Skin              |     4 |    15 |     4 ||    23
Dodge: Dodged            |    12 |    58 |    47 ||   117
Block: Shield            |    13 |    43 |    35 ||    91

Table legend:
 A = Non-vault XP
 B = Vault XP
 C = Vault XP percentage of total XP
 D = Non-vault monster count
 E = Vault monster count
 F = Vault count percentage of total count
                 A         B        C        D         E       F
            +---------+---------+-------+---------+---------+-------
      Total |    2323 |     214 |   8.4 |     119 |      23 |  16.2
            +---------+---------+-------+---------+---------+-------
        D:1 |      28 |       0 |   0.0 |      16 |       0 |   0.0
        D:2 |      58 |     196 |  77.2 |      27 |      20 |  42.6
        D:3 |      87 |      18 |  17.1 |      21 |       3 |  12.5
        D:4 |     406 |       0 |   0.0 |      16 |       0 |   0.0
        D:5 |     742 |       0 |   0.0 |      19 |       0 |   0.0
        D:6 |     643 |       0 |   0.0 |      13 |       0 |   0.0
        D:7 |     359 |       0 |   0.0 |       7 |       0 |   0.0
            +---------+---------+-------+---------+---------+-------
